 Dungeon Crawl Stone Soup version 0.23.1 (webtiles) character file.

Game seed: 16018397857808594203

3833 magipi the Arsonist (level 9, -3/46 HPs)
             Began as a Deep Elf Fire Elementalist on Mar 1, 2019.
             Was a Priest of Vehumet.
             Hit by a large rock thrown by a cyclops (37 damage)
             ... on level 8 of the Dungeon.
             The game lasted 00:36:35 (10269 turns).

magipi the Arsonist (Deep Elf Fire Elementalist)   Turns: 10269, Time: 00:36:36

Health: -3/46      AC:  7    Str:  8    XL:     9   Next: 98%
Magic:  15/24      EV: 13    Int: 24    God:    Vehumet [***...]
Gold:   374        SH:  0    Dex: 15    Spells: 13/26 levels left

rFire    + + .     SeeInvis .   a - +2 dagger (venom)
rCold    + . .     Gourm    .   (no shield)
rNeg     . . .     Faith    +   I - +0 robe
rPois    +         Spirit   .   x - +1 hat
rElec    +         Reflect  .   (no cloak)
rCorr    +         Harm     .   e - +1 pair of gloves
MR       .....                  B - +1 pair of boots
Stlth    ++........             i - amulet of faith
HPRegen  0.15/turn              G - +3 ring of intelligence
MPRegen  0.19/turn              f - ring of protection from fire

@: resistant
A: no striking features
a: Renounce Religion


You were on level 8 of the Dungeon.
You worshipped Vehumet.
Vehumet was most pleased with you.
You were hungry.

You visited 1 branch of the dungeon, and saw 8 of its levels.

You collected 374 gold pieces.

Inventory:

Hand Weapons
 a - a +2 dagger of venom (weapon)
   (You took it off a kobold on level 1 of the Dungeon)
Missiles
 n - 3 javelins of returning (quivered)
 o - a throwing net
Armour
 e - a +1 pair of gloves (worn)
   (You found it on level 2 of the Dungeon)
 k - a +0 buckler
   (You found it on level 2 of the Dungeon)
 x - a +1 hat (worn)
   (You found it on level 5 of the Dungeon)
 B - a +1 pair of boots (worn)
   (You found it on level 6 of the Dungeon)
 I - a +0 robe (worn)
Jewellery
 f - a ring of protection from fire (right hand)
   (You found it on level 7 of the Dungeon)
 i - an amulet of faith (around neck)
   (You found it on level 2 of the Dungeon)
 y - an uncursed ring of ice
   (You found it on level 5 of the Dungeon)
 G - a +3 ring of intelligence (left hand)
   (You found it on level 7 of the Dungeon)
Wands
 b - a wand of digging (7)
   (You found it on level 8 of the Dungeon)
 g - a wand of acid (6)
   (You found it on level 4 of the Dungeon)
 z - a wand of scattershot (5)
   (You found it on level 8 of the Dungeon)
Scrolls
 d - 3 scrolls of enchant armour
 j - 3 scrolls of remove curse
 r - a scroll of fog
 u - 2 scrolls of teleportation
 v - 3 scrolls of enchant weapon
Potions
 h - 2 potions of cancellation
 l - a potion of magic
 m - a potion of might
 p - a potion of flight
 q - 3 potions of curing
 s - a potion of lignification
 w - 3 potions of agility
 C - 2 potions of brilliance
Comestibles
 c - 11 rations


   Skills:
 + Level 0.5 Fighting
 + Level 0.8 Short Blades
 - Level 2.4 Dodging
 - Level 2.4 Stealth
 + Level 9.3 Spellcasting
 - Level 10.0 Conjurations
 - Level 10.0 Fire Magic


You had 13 spell levels left.
You knew the following spells:

 Your Spells              Type           Power        Failure   Level  Hunger
a - Flame Tongue          Conj/Fire      #####        1%          1    None
c - Conjure Flame         Conj/Fire      ######..     1%          3    None
f - Fireball              Conj/Fire      ######....   1%          5    ####...
y - Sticky Flame          Conj/Fire      ######..     1%          4    ##.....

Your spell library contained the following spells:

 Spells                   Type           Power        Failure   Level  Hunger
 Force Lance              Conj/Tloc      #####...     1%          4    ##.....
 Throw Flame              Conj/Fire      ######       1%          2    None
 Inner Flame              Hex/Fire       #####...     1%          3    None
 Beastly Appendage        Tmut           ##....       5%          1    None
 Sticks to Snakes         Tmut           ##......     9%          2    None
 Spider Form              Tmut/Pois      ##........   17%         3    None
 Ice Form                 Ice/Tmut       ##......     50%         4    ##.....
 Blade Hands              Tmut           ##........   83%         5    ####...


Dungeon Overview and Level Annotations

Branches:
Dungeon (8/15)             Temple (0/1) D:5            Lair (0/6) D:8

Altars:
Cheibriados
Hepliaklqana
Makhleb
Nemelex Xobeh
Ru
Sif Muna
Vehumet

Shops:
D:4 =

Annotations:
D:3 dig


Message History

(D) Dungeon (T) Temple
Where to? (Enter - D:5 @ (x,y), ? - help)
What level of the Dungeon? (default 1, ? - help)
There is a stone staircase leading down here.
You climb downwards.
There is a stone staircase leading up here.
There is a stone staircase leading down here.
You climb downwards.
There is a stone staircase leading up, spattered with blood here.
Items here: ( )) [ a +0 club; a +0 leather armour; a +0 club; an arrow
Things that are here:
a +3 dagger the +3 falchion of the Enchanted Forest {slice, Int+2} a +0 plate armour
There is an open door here.
Things that are here:
6 arrows; a +0 shortbow
There is a stone staircase leading down here.
You climb downwards.
There is a stone staircase leading up here.
There is a stone staircase leading down here.
You climb downwards.
There is a stone staircase leading up here.
You are feeling very hungry.
Unknown command.
A quokka comes into view.
The quokka misses you.
You hit the quokka.
The quokka is poisoned.
The quokka is heavily wounded.
The quokka misses you.
You hit the quokka but do no damage.
The quokka looks as sick as possible!
The quokka is heavily wounded.
The quokka closely misses you.
You miss the quokka.
The quokka is heavily wounded.
You kill the quokka!
Vehumet accepts your kill.
You see here a quokka corpse.
You butcher the quokka corpse.
z - a chunk of flesh You see here a quokka skeleton.
Eating a chunk of flesh.
You eat the chunk of flesh.
This raw flesh tastes terrible.
Found a burning altar of Makhleb.
Unknown command.
You now have 363 gold pieces (gained 9).
Found a copper wand.
v - 3 scrolls of enchant weapon (gained 1)
z - a wand of scattershot (5)
Found a staircase to the Lair.
There is a staircase to the Lair here.
You now have 374 gold pieces (gained 11).
A centaur comes into view.
A hound, a yak, a centaur, a cyclops and a zombie come into view.
Found a ration, a fuming black potion and a curved smoking staff.
Unknown command.
Okay, then.
Unknown command.
It was a potion of heal wounds.
You feel much better.
It was a potion of resistance.
You feel protected.
The hound barks!
The cyclops shouts!
The centaur shouts!
The yak bellows!
You hear a shout! x2
The centaur wields a +0 shortbow.
The centaur shoots an arrow.
The arrow hits you.
A crimson imp comes into view.
The cyclops throws a large rock.
The large rock barely misses you.
Things that are here:
a large rock; an arrow
Casting: Sticky Flame (safe; 1% risk of failure)
Confirm with . or Enter, or press ? or * to list all spells.
Aiming: Fireball (safe; 1% risk of failure)
Press: ? - help, Shift-Dir - straight line, f - cyclops
Aim: a cyclops The fireball explodes!
The fireball engulfs the cyclops!!
The cyclops is heavily wounded.
The fireball engulfs the yak.
The yak is lightly wounded.
The fireball engulfs the hound!!
You kill the hound!
Vehumet accepts your kill.
You feel your power returning.
You are feeling hungry.
The centaur shoots an arrow.
The arrow closely misses you.
An ice beast comes into view.
The centaur shoots an arrow.
The arrow hits you!
Unknown command.
Casting: Fireball (safe; 1% risk of failure)
Confirm with . or Enter, or press ? or * to list all spells.
Aiming: Fireball (safe; 1% risk of failure)
Press: ? - help, Shift-Dir - straight line, f/p - cyclops
Aim: a cyclops (heavily wounded)
The fireball explodes!
The fireball engulfs the cyclops!!
The cyclops is almost dead.
The fireball engulfs the yak!!
The yak is severely wounded.
The cyclops throws a large rock.
The large rock hits you!!!
Ouch! That really hurt!
You die...

...>...# #...# #.#
.#.##.## ...##..# #.#
.#. ..# ..c#..# #.# #
#.## ..##.## #.# #### ..
..#..###.# ....
.##..##.# ####
#.##.รท..# <...
#..##...# #### #@##...##
#. Y5Z.cC.#.#....# #.# #
#.###Y##.##.#.# ##.# #
!.%#.##8.8#...# #... .
#.##.##...##..# #..# ##
#|#. #8...8#..# #..### #
### ##..โ‰ˆ..##.###...>#
# .#.
#8.._..8#..##...####
#..โ‰ˆ.โ‰ˆ..##.##.......


You could see a cyclops, a yak, an ice beast, 2 centaurs, a crimson imp and a
hound zombie.

Vanquished Creatures
  Grinder (D:6)
  A spriggan (D:7)
  A steam dragon (D:8)
  A water moccasin (D:7)
  2 orc warriors
  3 sky beasts
  A black bear (D:7)
  A necrophage (D:6)
  4 centaurs
  6 ogres
  A big kobold (D:7)
  4 bullfrogs
  A water moccasin skeleton (D:5)
  A wyvern skeleton (D:7)
  2 scorpions
  A bullfrog zombie (D:6)
  5 crimson imps
  A jelly (D:7)
  4 hounds
  A bullfrog skeleton (D:5)
  3 centaur skeletons
  4 orc priests
  Natasha (thrice) (D:3)
  A worker ant (D:7)
  7 orc wizards
  A hound zombie (D:6)
  A hound skeleton (D:6)
  A worker ant zombie (D:8)
  4 gnolls
  13 adders
  2 shadow imps (D:6)
  An ooze (D:2)
  3 adder skeletons
  4 worms
  3 dart slugs
  8 leopard geckos
  33 orcs
  11 bats
  5 giant cockroaches
  8 goblins
  6 hobgoblins
  15 jackals
  6 quokkas
  3 frilled lizards
  10 kobolds
  A leopard gecko skeleton (D:4)
  3 rats
202 creatures vanquished.

Notes
Turn   | Place    | Note
-------+----------+-------------------------------------------
     0 | D:1      | magipi the Deep Elf Fire Elementalist began the quest for
                  | the Orb.
     0 | D:1      | Reached XP level 1. HP: 10/10 MP: 6/6
   176 | D:1      | Reached XP level 2. HP: 15/15 MP: 6/8
   423 | D:1      | Reached XP level 3. HP: 8/19 MP: 3/9
  1003 | D:2      | Learned a level 3 spell: Conjure Flame
  1413 | D:2      | Reached XP level 4. HP: 24/24 MP: 7/10
  1489 | D:2      | Learned a level 4 spell: Sticky Flame
  2464 | D:3      | Found a sacrificial altar of Ru.
  2510 | D:3      | Noticed Natasha
  2695 | D:3      | Killed Natasha
  2695 | D:3      | Reached XP level 5. HP: 28/28 MP: 7/11
  3079 | D:3      | Noticed Natasha
  3084 | D:3      | Killed Natasha
  3498 | D:3      | Noticed Natasha
  3506 | D:3      | Killed Natasha
  3506 | D:3      | Reached skill level 5 in Conjurations
  3506 | D:3      | Reached skill level 5 in Fire Magic
  3669 | D:4      | Found Rubisus's Jewellery Shop.
  3806 | D:4      | Reached XP level 6. HP: 32/32 MP: 12/12
  3869 | D:4      | Found a radiant altar of Vehumet.
  3875 | D:4      | Became a worshipper of Vehumet
  4242 | D:4      | Identified the +3 falchion of the Enchanted Forest {slice,
                  | Int+2}
  4284 | D:4      | Found a sparkling altar of Nemelex Xobeh.
  4737 | D:5      | Entered Level 5 of the Dungeon
  4836 | D:5      | Reached XP level 7. HP: 28/36 MP: 5/15
  4896 | D:5      | Reached * piety under Vehumet
  4896 | D:5      | Offered knowledge of Shock by Vehumet.
  5198 | D:5      | Found a staircase to the Ecumenical Temple.
  5303 | D:5      | Found a hazy altar of Hepliaklqana.
  5895 | D:5      | Found a hazy altar of Hepliaklqana.
  5911 | D:5      | Learned a level 5 spell: Fireball
  6158 | D:6      | Reached skill level 5 in Spellcasting
  6158 | D:6      | Reached XP level 8. HP: 41/41 MP: 9/17
  6379 | D:6      | Noticed Grinder
  6402 | D:6      | Killed Grinder
  6899 | D:6      | Offered knowledge of Sandblast by Vehumet.
  7335 | D:6      | Reached ** piety under Vehumet
  7543 | D:6      | Reached XP level 9. HP: 18/45 MP: 6/20
  7818 | D:6      | Found a snail-covered altar of Cheibriados.
  8337 | D:7      | Offered knowledge of Mephitic Cloud by Vehumet.
  8423 | D:7      | Reached *** piety under Vehumet
  8520 | D:7      | Found a deep blue altar of Sif Muna.
  8899 | D:7      | Offered knowledge of Force Lance by Vehumet.
  9386 | D:7      | Reached skill level 10 in Conjurations
  9386 | D:7      | Reached skill level 10 in Fire Magic
 10213 | D:8      | Found a burning altar of Makhleb.
 10232 | D:8      | Found a staircase to the Lair.
 10259 | D:8      | Noticed a cyclops
 10269 | D:8      | Hit by a large rock thrown by a cyclops

Skill      XL: |  1  2  3  4  5  6  7  8  9 |
---------------+----------------------------+-----
Conjurations   | 2 3 4 5 6 7 8 10 | 10.0
Fire Magic     | 4 5 7 8 10 | 10.0
Spellcasting   | 4 5 6 9 |  9.3
Fighting       | |  0.5
Short Blades   | |  0.8
Dodging        | |  2.4
Stealth        | |  2.4

Action                   |  1- 3 |  4- 6 |  7- 9 || total
-------------------------+-------+-------+-------++-------
Melee: Dagger            |     8 |    70 |   227 ||   305
 Cast: Flame Tongue      |    57 |    57 |    56 ||   170
       Sticky Flame      |       |     6 |    43 ||    49
       Conjure Flame     |       |     3 |     9 ||    12
       Fireball          |       |       |    17 ||    17
Evoke: Wand              |       |       |     2 ||     2
  Use: Scroll            |       |     7 |     7 ||    14
       Potion            |       |       |     5 ||     5
 Stab: Sleeping          |     4 |     7 |     4 ||    15
  Eat: Chunk             |     1 |     8 |    20 ||    29
       Ration            |       |     1 |     2 ||     3
Armor: Robe              |     6 |    11 |    58 ||    75
       Skin              |       |       |     3 ||     3
Dodge: Dodged            |    13 |    48 |   164 ||   225

Action                   |  1- 3 |  4- 6 |  7- 9 || total
-------------------------+-------+-------+-------++-------
Melee: Dagger            |     8 |    70 |   227 ||   305
 Cast: Flame Tongue      |    57 |    57 |    56 ||   170
       Sticky Flame      |       |     6 |    43 ||    49
       Conjure Flame     |       |     3 |     9 ||    12
       Fireball          |       |       |    17 ||    17
Evoke: Wand              |       |       |     2 ||     2
  Use: Scroll            |       |     7 |     7 ||    14
       Potion            |       |       |     5 ||     5
 Stab: Sleeping          |     4 |     7 |     4 ||    15
  Eat: Chunk             |     1 |     8 |    20 ||    29
       Ration            |       |     1 |     2 ||     3
Armor: Robe              |     6 |    11 |    58 ||    75
       Skin              |       |       |     3 ||     3
Dodge: Dodged            |    13 |    48 |   164 ||   225
